 Dungeon Crawl Stone Soup version 0.29-a0-362-g5854e031c7 (webtiles) character file.

Game seed: 2317693133266619721

4303 jlumianski the Cruncher (level 10, 0/115 HPs)
             Began as a Demonspawn Fighter on Apr 29, 2022.
             Was an Initiate of Wu Jian.
             Succumbed to a killer bee's poison
             ... on level 8 of the Dungeon.
             The game lasted 00:40:58 (10188 turns).

jlumianski the Cruncher (Demonspawn Fighter)       Turns: 10188, Time: 00:40:58

Health: 0/115      AC: 25    Str: 18    XL:     10   Next: 11%
Magic:  11/11      EV:  2    Int:  9    God:    Wu Jian [......]
Gold:   460        SH:  5    Dex: 20    Spells: 9/10 levels left

rFire   . . .      SeeInvis +   o - +2 lajatang (flame)
rCold   . . .      Faith    .   (shield currently unavailable)
rNeg    . . .      Spirit   .   (body armour currently unavailable)
rPois   +          Reflect  +   (helmet currently unavailable)
rElec   .          Harm     .   (cloak currently unavailable)
rCorr   .          Rampage  .   (gloves currently unavailable)
Will    .....      NoTele   +   (boots currently unavailable)
Stlth   ++........              k - amulet of reflection
HPRegen 0.29/turn               I - +6 ring of dexterity
MPRegen 0.12/turn               B - ring of wizardry

@: lethally poisoned (0 -> -3), tree-form, on berserk cooldown, slowed, studying
Slings, very slow
A: stationary, stasis, torment immunity, boosted hp, rugged brown scales 2,
powered by pain 2, (spiny 1), (hooves 1), see invisible, mutation resistance 1,
weak 1
a: Renounce Religion


You were on level 8 of the Dungeon.
You worshipped Wu Jian.
Wu Jian was noncommittal.
You were a tree.
You visited 2 branches of the dungeon, and saw 9 of its levels.

You collected 498 gold pieces.
You spent 38 gold pieces at shops.

Inventory:

Hand Weapons
 a - a +0 war axe
 o - a +2 lajatang of flaming (weapon)
 p - a +0 club
 w - a +1 antimagic whip
 y - a +2 vampiric whip
Missiles
 e - 213 stones
 j - 25 poisoned darts (quivered)
 n - 4 boomerangs
Armour
 b - a +1 scale mail (melded)
 c - a +0 buckler
 f - an orb of mayhem
 t - a +0 chain mail
 E - a +0 pair of boots
Magical Staves
 J - a staff of air
Jewellery
 k - an amulet of reflection (around neck)
 z - a ring of willpower
 B - a ring of wizardry (right branch)
 D - an amulet of faith
 I - a +6 ring of dexterity (left branch)
Wands
 s - a wand of charming (15)
 F - a wand of polymorph (3)
Scrolls
 g - a scroll of magic mapping
 h - 2 scrolls of noise
 q - a scroll of enchant armour
 r - a scroll of fear
 x - a scroll of summoning
 A - 2 scrolls of immolation
 C - a scroll of brand weapon
Potions
 d - a potion of might
 i - a potion of magic
 l - 2 potions of mutation
 u - 2 potions of lignification
 v - a potion of brilliance


   Skills:
 + Level 5.0 Fighting
 - Level 3.9 Axes
 * Level 8.2 Staves
 + Level 0.2 Throwing
 + Level 6.0 Armour
 + Level 2.0 Dodging
 + Level 1.9 Stealth
 + Level 4.8 Shields
 + Level 0.8 Spellcasting
 * Level 5.9 Summonings


You had 9 spell levels left.
You knew the following spells:

 Your Spells              Type           Power      Damage    Failure   Level
a - Summon Small Mammal   Summ           44%        N/A       1%          1

Your spell library contained the following spells:

 Spells                   Type           Power      Damage    Failure   Level
 Call Canine Familiar     Summ           11%        N/A       4%          3
 Summon Guardian Golem    Hex/Summ       5%         N/A       13%         3
 Freeze                   Ice            0%         1d3       16%         1
 Summon Ice Beast         Ice/Summ       5%         N/A       38%         4
 Frozen Ramparts          Ice            0%         1d2       41%         3
 Spider Form              Tmut/Pois      0%         N/A       41%         3
 Summon Forest            Summ/Tloc      2%         N/A       73%         5
 Hailstorm                Conj/Ice       0%         3d3       80%         4
 Yara's Violent Unravell  Hex/Tmut       0%         3d3       98%         5
 Monstrous Menagerie      Summ           5%         N/A       100%        7
 Summon Hydra             Summ           5%         N/A       100%        7
 Dragon's Call            Summ           5%         N/A       100%        9


Dungeon Overview and Level Annotations

Branches:
Dungeon (8/15)             Temple (1/1) D:6
   Lair: D:8-11

Altars:
Ashenzari
Elyvilon
Fedhas
Gozag
Hepliaklqana
Kikubaaqudgha
Makhleb
Nemelex Xobeh
Okawaru
Qazlal
Ru
Sif Muna
Uskayaw
Vehumet
Wu Jian
Xom
Zin
The Shining One

Shops:
D:3 *

Annotations:
D:2 Robin
D:6 3 runed translucent doors, SirDiesAlot's ghost, novice KoEn; indyram44's ghost, novice DsFi; seaofthunder's ghost, novice HOFi


Innate Abilities, Weirdness & Mutations

You are a tree.
Your roots penetrate the ground, keeping you stationary.
You cannot be teleported.
You are immune to unholy pain and torment.
Your maximum health is greatly increased.
Your equipment is partially melded.
(You are mostly covered in rugged brown scales. (AC +2, +5% HP))
You sometimes gain power by taking damage.
((You are partially covered in sharp spines.))
((You have large cloven feet.))
You have supernaturally acute eyesight. (SInv)
You are somewhat resistant to further mutation.
You are weak. (Str -2)


Message History

Your orc's corpse dissolves into shadows!
The killer bee closely misses your steam dragon.
The killer bee barely misses your orc wizard.
The killer bee stings your orc wizard.
Your orc wizard is poisoned.
The killer bee poisons your orc wizard!
The killer bee stings your steam dragon!
Your steam dragon barely misses the killer bee.
Your steam dragon misses the killer bee.
Your orc wizard hits the killer bee but does no damage.
You feel a strong urge to attack something.
* * * LOW HITPOINT WARNING * * *
You feel sick.
The killer bee stings your orc wizard. x2
The killer bee stings your steam dragon but does no damage.
The killer bee barely misses your orc wizard.
The killer bee stings your steam dragon but does no damage.
The killer bee stings your orc wizard but does no damage.
* * * LOW HITPOINT WARNING * * *
You feel sick.
The killer bee stings your steam dragon but does no damage.
Something barely misses your orc wizard.
The killer bee barely misses your orc wizard.
Your orc wizard closely misses the killer bee.
You feel your anger nearly subside.
* * * LOW HITPOINT WARNING * * *
You feel sick. The killer bee stings your orc wizard.
Your orc wizard looks even sicker.
The killer bee poisons your orc wizard!
Something barely misses your orc wizard.
The killer bee barely misses your steam dragon.
You are no longer berserk.
You are exhausted.
You feel yourself slow down.
The killer bee stings your steam dragon.
The killer bee misses your orc wizard.
Really quaff the potion of lignification?
You turn into a tree.
Your +1 scale mail melds into your body.
Your roots penetrate the ground.
You die...

...## #.## #...##..##.# #.
.....###.# #...##..#..# ##
......#..##########÷.##..##.## #
..............)÷.÷...#..##...## #
...............÷.###.#..##._..#
.........###'###.# #.#..##....##
.........#.....#.# #.##..##....##
......|..#.....#.# #.[#..##.....#
.........#.._..#♣# ##.##..#.....#
.........#.....#.# #...........#
.........#.....#o# ##...#........
.........#######.# #..###........
##y.......yyyD.oo###.####........
#..##.....####o##.......))......#
..######.....yy......######....##
### ##.....######## ##...# #
##...## ##.##


You could see a queen bee, 4 killer bees, a friendly steam dragon (summoned,
very poisoned), a friendly orc wizard (summoned, very poisoned) and 3 friendly
orcs.

Vanquished Creatures
  Grinder (D:5)
  Sigmund (D:6)
  A shadow (D:5)
  5 yaks (D:8)
  Menkaure (D:6)
  A water moccasin (D:6)
  An ice beast (D:6)
  An orc warrior (D:6)
  A black bear (D:6)
  An ogre (D:5)
  4 centaurs
  3 kobold brigands
  A phantom (D:6)
  4 necrophages
  2 bullfrogs
  4 scorpions
  A wight (D:6)
  4 killer bees
  A howler monkey (D:5)
  7 hounds
  2 jellies
  4 orc priests (D:6)
  A gnoll shaman (D:5)
  Natasha (thrice) (D:2)
  5 orc wizards
  6 iguanas
  11 adders
  A shadow imp (D:6)
  2 white imps
  2 worms
  4 dart slugs
  16 orcs
  8 endoplasms
  2 giant cockroaches
  9 goblins
  7 hobgoblins
  13 jackals
  A quokka (D:1)
  9 ball pythons
  7 bats
  5 frilled lizards
  21 kobolds
  5 rats
189 creatures vanquished.

Vanquished Creatures (collateral kills)
  A worm (D:3)
  A goblin (D:1)
  A hobgoblin (D:1)
  A jackal (D:1)
  A rat (D:1)
5 creatures vanquished.

Vanquished Creatures (others)
  A human (D:3)
  A ball python (D:1)
  17 plants
  2 withered plants (D:6)
21 creatures vanquished.

Grand Total: 215 creatures vanquished

Notes
Turn   | Place    | Note
-------+----------+-------------------------------------------
     0 | D:1      | jlumianski the Demonspawn Fighter began the quest for the
                  | Orb.
     0 | D:1      | Reached XP level 1. HP: 18/18 MP: 1/1
   228 | D:1      | Gained mutation: You are partially covered in rugged brown
                  | scales. (AC +1, +3% HP) [demonic ancestry]
   228 | D:1      | Reached XP level 2. HP: 11/24 MP: 2/2
   733 | D:1      | Gained mutation: You sometimes gain a little power by
                  | taking damage. [demonic ancestry]
   733 | D:1      | Reached XP level 3. HP: 29/29 MP: 3/3
  1540 | D:2      | Noticed Natasha
  1553 | D:2      | Killed Natasha
  1554 | D:2      | Reached skill level 1 in Dodging
  1554 | D:2      | Reached XP level 4. HP: 16/36 MP: 4/4
  1963 | D:2      | Identified the +1 helmet of the Cockatrice {Contam Str+4
                  | Int+2}
  1963 | D:2      | Noticed Robin
  2053 | D:2      | Noticed Natasha
  2065 | D:2      | Killed Natasha
  2066 | D:2      | Gained mutation: You sometimes gain power by taking damage.
                  | [demonic ancestry]
  2066 | D:2      | Reached XP level 5. HP: 9/42 MP: 5/5
  2312 | D:2      | Noticed Natasha
  2323 | D:2      | Killed Natasha
  2389 | D:2      | Found a faded altar of an unknown god.
  2434 | D:2      | Learned a level 1 spell: Summon Small Mammal
  3098 | D:4      | Reached XP level 6. HP: 49/49 MP: 6/6
  3243 | D:4      | Gained mutation: You are weak. (Str -2) [potion of
                  | mutation]
  3243 | D:4      | Gained mutation: You have large cloven feet. [potion of
                  | mutation]
  3243 | D:4      | Gained mutation: You have supernaturally acute eyesight.
                  | (SInv) [potion of mutation]
  3243 | D:4      | Gained mutation: You are somewhat resistant to further
                  | mutation. [potion of mutation]
  3347 | D:4      | Reached skill level 1 in Staves
  3347 | D:4      | Reached skill level 1 in Summonings
  3445 | D:5      | Entered Level 5 of the Dungeon
  3973 | D:3      | Found an ancient bone altar of Kikubaaqudgha.
  3976 | D:3      | Noticed a human
  3977 | D:3      | Killed a human
  4209 | D:3      | Found Tiacwotz's Assorted Antiques.
  4217 | D:3      | Bought a scroll labelled ERCHEM NEIG XAV for 19 gold pieces
  4217 | D:3      | Bought a scroll labelled GAMU FAURRA for 19 gold pieces
  4576 | D:5      | Reached skill level 2 in Staves
  4576 | D:5      | Reached XP level 7. HP: 45/54 MP: 7/7
  4798 | D:5      | Noticed Grinder
  4810 | D:5      | Killed Grinder
  4811 | D:5      | Reached skill level 3 in Staves
  5324 | D:5      | Noticed a shadow
  5328 | D:5      | Reached skill level 4 in Staves
  5328 | D:5      | Gained mutation: You are mostly covered in rugged brown
                  | scales. (AC +2, +5% HP) [demonic ancestry]
  5328 | D:5      | Reached XP level 8. HP: 50/63 MP: 6/8
  5560 | D:5      | Reached skill level 5 in Staves
  5606 | D:5      | Reached skill level 1 in Stealth
  6111 | D:6      | Found a runed translucent gate.
  6111 | D:6      | Found a runed translucent gate.
  6111 | D:6      | Found a runed translucent gate.
  6113 | D:6      | Noticed indyram44's ghost (novice DsFi)
  6113 | D:6      | Noticed SirDiesAlot's ghost (novice KoEn)
  6113 | D:6      | Noticed indyram44's ghost (novice DsFi)
  6113 | D:6      | Noticed seaofthunder's ghost (novice HOFi)
  6133 | D:6      | Found a broken altar of Ashenzari.
  6152 | D:6      | Noticed Menkaure
  6200 | D:6      | Killed Menkaure
  6397 | D:6      | Noticed Sigmund
  6400 | D:6      | Killed Sigmund
  6401 | D:6      | Reached skill level 6 in Staves
  6401 | D:6      | Reached XP level 9. HP: 69/69 MP: 10/10
  6429 | D:6      | Reached skill level 5 in Armour
  6436 | D:6      | Found a staircase to the Ecumenical Temple.
  6456 | Temple   | Entered the Ecumenical Temple
  7984 | D:6      | Reached skill level 7 in Staves
  9098 | D:7      | Found a radiant altar of Vehumet.
  9582 | D:8      | Found an ornate altar of the Wu Jian Council.
  9589 | D:8      | Became a worshipper of the Wu Jian Council
  9639 | D:8      | Identified a scroll of acquirement
  9640 | D:8      | Acquired the Volume of Kismet
  9674 | D:8      | Found an opulent altar of Gozag.
  9744 | D:8      | Reached skill level 5 in Summonings
  9831 | D:8      | Reached skill level 5 in Fighting
  9831 | D:8      | Reached skill level 8 in Staves
  9831 | D:8      | Gained mutation: You are partially covered in sharp spines.
                  | [demonic ancestry]
  9831 | D:8      | Reached XP level 10. HP: 22/77 MP: 11/11
 10182 | D:8      | HP: 3/77 [poisoned by a killer bee]
 10186 | D:8      | HP: 1/115 [poisoned by a killer bee]
 10188 | D:8      | Succumbed to a killer bee's poison

Illustrated notes

Levels and vault maps discovered:
D:1:      doesnt_arrival_eight_statues, layout_basic, st_stairs_10
D:2:      layout_basic, ebering_ecumenical_altar_abandoned,
          nicolae_elevator_lobby_asterisk, uniq_robin, uniq_natasha
D:3:      layout_basic, tgw_kikubaaqudgha, serial_shops,
          nicolae_shop_overgrown_old_shop, hangedman_glass_teeth,
          minmay_box_of_dots
D:4:      layout_basic, portal_sewer_entry_d, corexii_corridor_pit
D:5:      cheibrodos_barr_body, layout_cave_pools, uniq_grinder
D:6:      layout_rooms, nicolae_ashenzari_panopticon,
          minmay_temple_entry_gardened_gates, gammafunk_ghost_cemetery,
          corexii_corridor_pit, nicolae_zen_rock_garden, roderic_roman_lattice,
          minivault_27, minmay_manual_maat, uniq_sigmund, uniq_menkaure
D:7:      layout_rooms, vehumet_crystals
D:8:      layout_cave_pods, amcnicky_altar_gilded,
          mainiacjoe_overflow_catch_the_wave, nicolae_looking_at_the_future
Temple:   nicolae_temple_figure_eight

Skill      XL: |  1  2  3  4  5  6  7  8  9 10 |
---------------+-------------------------------+-----
Axes           | 2 3 |  3.9
Armour         | 3 4 5 6 |  6.0
Shields        | 3 4 |  4.8
Dodging        | 1 2 |  2.0
Staves         | 2 4 6 8 |  8.2
Summonings     | 1 2 3 5 |  5.9
Fighting       | 4 5 |  5.0
Stealth        | 1 |  1.9
Throwing       | |  0.2
Spellcasting   | |  0.8

Action                   |  1- 3 |  4- 6 |  7- 9 | 10-12 || total
-------------------------+-------+-------+-------+-------++-------
Melee: War axe           |    93 |   147 |       |       ||   240
       Lajatang          |       |    78 |   265 |     6 ||   349
       Kick              |       |    16 |    86 |     3 ||   105
Throw: Dart              |       |     5 |     3 |       ||     8
       Stone             |       |     1 |       |       ||     1
 Cast: Summon Small Mamm |       |       |     5 |     2 ||     7
Invok: Lunge             |       |       |     3 |     1 ||     4
  Use: Scroll            |       |     9 |    12 |     1 ||    22
       Potion            |       |     5 |     6 |     2 ||    13
 Stab: Distracted        |       |       |     1 |       ||     1
Armor: Scale mail        |    70 |    98 |   150 |    21 ||   339
Dodge: Dodged            |    57 |    99 |   189 |    23 ||   368
Block: Buckler           |    33 |    84 |       |       ||   117
       Reflection        |       |     1 |     5 |       ||     6
       Other             |       |    30 |    85 |    11 ||   126

Table legend: (Time is in decaauts)
 A = Elapsed time spent in this place.
 B = Non-inter-level travel time spent in this place.
 C = Inter-level travel time spent in this place.
 D = Time resting spent in this place.
 E = Time spent auto-exploring this place.
 F = Levels seen in this place.
 G = Mean time per level.
                   A        B        C        D        E       F      G
               +--------+--------+--------+--------+--------+-----+--------+
         Total |  10385 |  10120 |    265 |   1746 |   5276 |   9 | 1153.9 |
       Dungeon |   9816 |   9551 |    265 |   1528 |   5045 |   8 | 1227.0 |
        Temple |    569 |    569 |      0 |    218 |    231 |   1 |  569.0 |
               +--------+--------+--------+--------+--------+-----+--------+

Top non-repeatable levels by time:
     D:6: 2181 daAuts
     D:5: 1482 daAuts
     D:1: 1384 daAuts
     D:2: 1282 daAuts
     D:3: 1281 daAuts
     D:4: 767 daAuts
     D:7: 760 daAuts
     D:8: 677 daAuts
  Temple: 569 daAuts
